[Event "Titled Tuesday Blitz July 4 Early 2023"]
[White "Nakamura, Hikaru"]
[Black "Cabarkapa, Novak"]
[WhiteFideId "2016192"]
[BlackFideId "943746"]
[WhiteElo "3173"]
[BlackElo "2768"]
[Result "0-1"]
[Round "3"]
[TimeControl "180+2"]
[Date "2023.07.04"]
[WhiteClock "0:00:12"]
[BlackClock "0:00:28"]
[Board "1"]

1. Nf3 Nf6 2. b3 g6 3. Bb2 Bg7 4. d4 O-O 5. e3 d6 6. Be2 a5 7. c4 a4 8. b4 c5 9. a3 Qb6 10. dxc5 dxc5 11. b5 Ne4 12. Qc1 Qa5+ 13. Nfd2 Bxb2 14. Qxb2 Nd7 15. O-O Ndf6 16. Nxe4 Nxe4 17. f3 Nd6 18. e4 Be6 19. Nd2 Rad8 20. Rfd1 f6 21. e5 Nf5 22. Ne4 Nd4 23. Bf1 Qb6 24. exf6 exf6 25. Nc3 Qa5 26. Re1 Rfe8 27. Ne4 Kf7 28. Qf2 Bf5 29. Nxc5 Qa7 30. Rxe8 Kxe8 31. Re1+ Kf7 32. Ne4 Bxe4 33. Rxe4 Qc5 34. h4 Ne6 35. Qxc5 Nxc5 36. Re3 Rd1 37. Kf2 Ra1 38. g4 Nb3 39. c5 Rxa3 40. Bc4+ Kf8 41. c6 bxc6 42. bxc6 Ra2+ 43. Kg3 Rc2 44. Re4 Nd2 45. Re2 Rxc4 46. Rxd2 Rxc6 47. Rd8+ Kf7 48. Ra8 Rc4 49. Ra7+ Kg8 50. h5 gxh5 51. gxh5 Rb4 52. h6 f5 53. f4 Rc4 54. Rg7+ Kh8 55. Rf7 Kg8 56. Rxf5 Rc6 57. Rg5+ Rg6 0-1


[Site "https://www.chess.com"]

[Event "Titled Tuesday Blitz July 4 Early 2023"]
[White "Gorovets, Andrey"]
[Black "Nihal Sarin"]
[WhiteFideId "13504037"]
[BlackFideId "25092340"]
[WhiteElo "2752"]
[BlackElo "3131"]
[Result "1/2-1/2"]
[Round "3"]
[TimeControl "180+2"]
[Date "2023.07.04"]
[WhiteClock "0:00:08"]
[BlackClock "0:00:05"]
[Board "2"]

1. Nf3 d5 2. e3 Nc6 3. c4 d4 4. b4 dxe3 5. fxe3 Nxb4 6. d4 g6 7. Qa4+ Nc6 8. d5 Bg7 9. dxc6 b5 10. cxb5 Bxa1 11. Bc4 Nh6 12. O-O O-O 13. Rd1 Qe8 14. Qa5 Bg4 15. Qxc7 Bxf3 16. gxf3 Nf5 17. a4 Nd6 18. Bf1 a6 19. Na3 axb5 20. axb5 Be5 21. Qb6 Qc8 22. Qc5 Qf5 23. Rd5 f6 24. f4 Qg4+ 25. Bg2 Ba1 26. b6 Qe2 27. Qc2 Qe1+ 28. Bf1 Rxa3 29. Bxa3 Qxe3+ 30. Kg2 Qxa3 31. b7 Kg7 32. Be2 Qb4 33. Bf3 Nxb7 34. cxb7 Qxf4 35. Qe4 Qxe4 36. Bxe4 Be5 37. Rc5 Rb8 38. Rc8 f5 39. Bd5 Kf6 40. h3 e6 41. Bc6 Ke7 42. Kf2 g5 43. Bf3 h5 44. Rxb8 Bxb8 45. Bxh5 Kf6 46. Be8 e5 47. Bd7 e4 48. Ke3 Ke5 49. Ke2 Ba7 50. Bc8 Bb8 51. Bd7 Bc7 52. Bc8 f4 53. Bg4 Kd4 54. Bh5 Ke5 55. Bg4 Bb8 56. Bh5 Ba7 57. Bg4 Kd5 58. Bh5 Kc6 59. Bg4 Kc7 60. Bh5 Kxb7 61. Bg6 f3+ 62. Kf1 e3 63. Be4+ Kc7 64. Bxf3 Kd6 65. Ke2 Ke5 66. Bg4 Kf4 67. Bc8 Bb6 68. Bd7 1/2-1/2


[Site "https://www.chess.com"]

[Event "Titled Tuesday Blitz July 4 Early 2023"]
[White "So, Wesley"]
[Black "Gunina, Valentina"]
[WhiteFideId "5202213"]
[BlackFideId "4167570"]
[WhiteElo "3095"]
[BlackElo "2746"]
[Result "1-0"]
[Round "3"]
[TimeControl "180+2"]
[Date "2023.07.04"]
[WhiteClock "0:01:14"]
[BlackClock "0:00:11"]
[Board "3"]

1. Nf3 d5 2. g3 c6 3. Bg2 Bg4 4. h3 Bxf3 5. Bxf3 e5 6. d3 Nd7 7. e4 Ngf6 8. O-O dxe4 9. dxe4 Bc5 10. a4 O-O 11. Qe2 Rb8 12. Rd1 Qc7 13. Nd2 b5 14. Nb3 Be7 15. Be3 Nb6 16. Nc5 Qc8 17. Bg4 Nxg4 18. Qxg4 Qxg4 19. hxg4 Rfc8 20. Nd7 Rb7 21. Bxb6 axb6 22. Nxe5 Bf6 23. Nd3 bxa4 24. Rxa4 b5 25. Ra6 Re7 26. Re1 Be5 27. Kg2 g6 28. f4 Bd4 29. Kf3 c5 30. c3 Bg7 31. g5 Rd7 32. Nf2 b4 33. e5 bxc3 34. bxc3 h6 35. gxh6 Bxh6 36. Ne4 Bg7 37. Rd6 Ra7 38. Red1 c4 39. Rd8+ Rxd8 40. Rxd8+ Kh7 41. Rc8 Rd7 42. Rxc4 Rd1 43. Rc7 Kg8 44. Rc8+ Kh7 45. Ng5+ 1-0


[Site "https://www.chess.com"]

[Event "Titled Tuesday Blitz July 4 Early 2023"]
[White "Samunenkov, Ihor"]
[Black "Dubov, Daniil"]
[WhiteFideId "14187086"]
[BlackFideId "24126055"]
[WhiteElo "2733"]
[BlackElo "3086"]
[Result "0-1"]
[Round "3"]
[TimeControl "180+2"]
[Date "2023.07.04"]
[WhiteClock "0:00:00"]
[BlackClock "0:01:13"]
[Board "4"]

1. d4 Nf6 2. Nf3 d5 3. c4 e6 4. g3 Be7 5. Bg2 O-O 6. O-O dxc4 7. Qc2 b5 8. a4 b4 9. Nfd2 Nd5 10. Nxc4 c5 11. dxc5 Ba6 12. Ne3 Nd7 13. Nxd5 exd5 14. c6 Rc8 15. Bxd5 Ne5 16. Rd1 Nxc6 17. Bxf7+ Rxf7 18. Rxd8+ Bxd8 19. Qe4 Nd4 20. Nc3 Bb6 21. Be3 bxc3 22. Bxd4 cxb2 23. Rf1 Rc1 24. Qe8+ Rf8 25. Qe6+ Kh8 26. Bxg7+ Kxg7 27. Qe5+ Rf6 28. Qxb2 Bxf2+ 29. Kg2 Rxf1 30. Qe5 Rg1+ 31. Kh3 Bc8+ 32. Kh4 Bxg3+ 0-1


[Site "https://www.chess.com"]

[Event "Titled Tuesday Blitz July 4 Early 2023"]
[White "Lazavik, Denis"]
[Black "Wagner, Dennis"]
[WhiteFideId "13515110"]
[BlackFideId "24650684"]
[WhiteElo "3053"]
[BlackElo "2729"]
[Result "1-0"]
[Round "3"]
[TimeControl "180+2"]
[Date "2023.07.04"]
[WhiteClock "0:00:15"]
[BlackClock "0:00:00"]
[Board "5"]

1. d4 d5 2. c4 e6 3. Nf3 Nf6 4. Nc3 c5 5. cxd5 exd5 6. Bg5 Be6 7. Bxf6 Qxf6 8. e4 dxe4 9. Bb5+ Nc6 10. Nxe4 Qf4 11. Qe2 Be7 12. O-O O-O 13. Nxc5 Nxd4 14. Nxd4 Bxc5 15. Nxe6 fxe6 16. g3 Qf3 17. Rae1 Rad8 18. Bc4 Kh8 19. Qxf3 Rxf3 20. Rxe6 Rd2 21. Re2 Rxe2 22. Bxe2 Rf6 23. Kg2 g5 24. h3 Kg7 25. Bf3 Rb6 26. Rc1 Bd6 27. b3 Ra6 28. Rc2 b5 29. Be2 Rb6 30. Rc8 a6 31. Rd8 Be7 32. Rd7 Kf6 33. Kf3 Rd6 34. Ra7 h5 35. Kg2 h4 36. gxh4 gxh4 37. f4 Rc6 38. Kf3 Ke6 39. Kg4 Bf6 40. Bf3 Rd6 41. Be4 b4 42. Bb7 Bd8 43. Bxa6 Rd4 44. Bc4+ Kf6 45. Ra6+ Kg7 46. Kf5 Be7 47. Ra7 Kf8 48. Kg6 Rd6+ 49. Kh5 Rd4 50. f5 Bf6 51. Rf7+ Ke8 52. Rxf6 Ke7 53. Re6+ Kf8 54. f6 Rf4 55. Ra6 Ke8 56. Kg5 Rf2 57. Be6 Rg2+ 58. Bg4 Kf7 59. Ra7+ Kf8 60. Kg6 1-0


[Site "https://www.chess.com"]

[Event "Titled Tuesday Blitz July 4 Early 2023"]
[White "Kourkoulos-Arditis, Stamatis"]
[Black "Sarana, Alexey"]
[WhiteFideId "4221990"]
[BlackFideId "24133795"]
[WhiteElo "2725"]
[BlackElo "3042"]
[Result "0-1"]
[Round "3"]
[TimeControl "180+2"]
[Date "2023.07.04"]
[WhiteClock "0:00:00"]
[BlackClock "0:00:06"]
[Board "6"]

1. c4 e6 2. g3 d5 3. Bg2 dxc4 4. Qa4+ Nd7 5. Qxc4 a6 6. Nf3 b5 7. Qh4 Bb7 8. Qxd8+ Rxd8 9. d3 Ngf6 10. a4 Nc5 11. axb5 Nb3 12. bxa6 Bxf3 13. Bxf3 Nxa1 14. Bc6+ Nd7 15. a7 Bb4+ 16. Bd2 Bxd2+ 17. Kxd2 Ke7 18. Kc3 Kd6 19. a8=Q Rxa8 20. Bxa8 Rxa8 21. Na3 Ne5 22. Rxa1 Kd7 23. h3 h5 24. f4 Ng6 25. e3 h4 26. g4 Ne7 27. Rc1 Nd5+ 28. Kd2 f6 29. Rg1 Rb8 30. Nc4 Rb3 31. Kc2 Rb8 32. g5 f5 33. Ra1 Nb4+ 34. Kd2 Nd5 35. Ra6 Rb3 36. Kc2 Rb7 37. Ra8 Ke7 38. Rh8 Ra7 39. Rxh4 Ra8 40. Rh7 Kf7 41. Ne5+ Kg8 42. Rh4 Nxe3+ 43. Kd2 Ng2 44. Rh5 Nxf4 45. Rh4 Nd5 46. g6 Ra2 47. Nf7 Kf8 48. Rh8+ Ke7 49. Ne5 Rxb2+ 50. Kc1 Rg2 51. d4 f4 52. Rg8 Kf6 53. Rf8+ Kg5 54. Rf7 Nc3 55. Rxg7 Ne2+ 56. Kb1 Nxd4 57. Rxc7 Kf6 58. Nd3 f3 59. Rf7+ Kxg6 60. Rxf3 Rg1+ 0-1


[Site "https://www.chess.com"]

[Event "Titled Tuesday Blitz July 4 Early 2023"]
[White "Bluebaum, Matthias"]
[Black "Rakhimzhan_Alen"]
[WhiteFideId "24651516"]
[WhiteElo "3035"]
[BlackElo "2721"]
[Result "1-0"]
[Round "3"]
[TimeControl "180+2"]
[Date "2023.07.04"]
[WhiteClock "0:00:58"]
[BlackClock "0:00:00"]
[Board "7"]

1. d4 Nf6 2. c4 e6 3. Nc3 Bb4 4. e3 O-O 5. Bd2 d5 6. Nf3 b6 7. cxd5 exd5 8. Rc1 Bb7 9. Bd3 Nbd7 10. O-O Re8 11. Nb5 Bd6 12. Nxd6 cxd6 13. Bb4 Nf8 14. Qb3 Ne4 15. Rc2 a5 16. Ba3 Ne6 17. Rfc1 Rb8 18. Nd2 Qh4 19. Bxe4 dxe4 20. Bxd6 Rbd8 21. Qxb6 Bd5 22. Bg3 Qh5 23. Qxa5 Ra8 24. Qb5 Red8 25. a4 Qg4 26. h3 Qg5 27. a5 h5 28. Nb1 h4 29. Bh2 Nxd4 30. exd4 e3 31. f4 Qf6 32. Nc3 Qxd4 33. Nxd5 e2+ 34. Kh1 Qd1+ 35. Bg1 e1=Q 36. Rxd1 Qxd1 37. Ne7+ Kf8 38. Qc5 g6 39. Nxg6+ Kg7 40. Ne7 Rd4 41. Qxd4+ 1-0


[Site "https://www.chess.com"]

[Event "Titled Tuesday Blitz July 4 Early 2023"]
[White "Panesar Vedant"]
[Black "Mamedov, Rauf"]
[WhiteFideId "35033018"]
[BlackFideId "13401653"]
[WhiteElo "2712"]
[BlackElo "3033"]
[Result "0-1"]
[Round "3"]
[TimeControl "180+2"]
[Date "2023.07.04"]
[WhiteClock "0:00:01"]
[BlackClock "0:00:06"]
[Board "8"]

1. e4 c5 2. Nf3 Nc6 3. d4 cxd4 4. Nxd4 Nf6 5. Nc3 e5 6. Ndb5 d6 7. Nd5 Nxd5 8. exd5 Ne7 9. c4 Ng6 10. Qa4 Bd7 11. Qb4 Bf5 12. Qa4 Bd7 13. Qb4 Qb8 14. h4 h5 15. Be2 a6 16. Nc3 Be7 17. g3 Bf5 18. Be3 Qc7 19. Na4 e4 20. Nb6 Rb8 21. Qa4+ Kf8 22. O-O Ne5 23. b4 g5 24. Bd4 gxh4 25. Bxe5 dxe5 26. c5 Rg8 27. d6 Bxd6 28. Nd5 Qc6 29. Qxc6 bxc6 30. Ne3 Bh3 31. cxd6 Bxf1 32. Nxf1 hxg3 33. fxg3 Rxb4 34. Rc1 Rg6 35. Rxc6 Rd4 36. Rxa6 Rgxd6 37. Rxd6 Rxd6 38. Bxh5 Ra6 39. Kf2 f5 40. Ne3 Rxa2+ 41. Ke1 f4 42. gxf4 exf4 43. Nd5 f3 44. Bg6 Re2+ 45. Kf1 e3 46. Bh5 Kg7 47. Bxf3 Rf2+ 48. Ke1 Rxf3 49. Ke2 Rh3 50. Nxe3 Kf6 51. Kd3 Ke5 52. Ke2 Ke4 53. Ng2 Rf3 54. Ne1 Ra3 55. Kf2 Rb3 56. Ng2 Rf3+ 57. Ke2 Rh3 58. Kf2 Rc3 59. Ke2 Rc2+ 60. Kf1 Ra2 61. Nh4 Kf4 62. Ng6+ Ke3 63. Kg1 Kf3 64. Ne5+ Kf4 65. Nd3+ Kf3 66. Ne5+ Ke4 67. Ng4 Kf4 68. Nf2 Kf3 69. Nd3 Rd2 70. Ne5+ Ke4 71. Ng4 Kf4 72. Nh2 Re2 73. Nf1 Kf3 74. Nh2+ Kg3 75. Nf1+ Kh3 76. Kh1 Rg2 77. Ne3 Re2 78. Nf1 Kg4 79. Nh2+ Kg3 80. Nf1+ Kf2 81. Nh2 Re1+ 0-1


[Site "https://www.chess.com"]

[Event "Titled Tuesday Blitz July 4 Early 2023"]
[White "Madaminov, Mukhiddin"]
[Black "Suyarov, Mukhammadzokhid"]
[WhiteFideId "14210703"]
[BlackFideId "14210495"]
[WhiteElo "3032"]
[BlackElo "2707"]
[Result "1-0"]
[Round "3"]
[TimeControl "180+2"]
[Date "2023.07.04"]
[WhiteClock "0:00:30"]
[BlackClock "0:00:03"]
[Board "9"]

1. Nf3 Nf6 2. c4 e6 3. b3 d5 4. Bb2 Be7 5. e3 O-O 6. Nc3 c6 7. Qc2 Na6 8. d4 c5 9. cxd5 exd5 10. Bxa6 bxa6 11. dxc5 Bxc5 12. O-O Bd6 13. h3 Be6 14. Qe2 Qa5 15. Na4 Ne4 16. Nd4 Bd7 17. Rac1 Rfc8 18. Qh5 g6 19. Qh4 Bxa4 20. bxa4 Qxa4 21. Nf3 Qxa2 22. Bd4 h5 23. Ra1 Qc4 24. Nd2 Nxd2 25. Qf6 Bh2+ 26. Kh1 Kf8 27. Rxa6 Bb8 28. Qg7+ Ke8 29. Qg8+ Ke7 30. Bf6+ Kd7 31. Qxf7# 1-0


[Site "https://www.chess.com"]

[Event "Titled Tuesday Blitz July 4 Early 2023"]
[White "Cherniaiev, Tykhon"]
[Black "Martinez Alcantara, Jose Eduardo"]
[WhiteFideId "14182360"]
[BlackFideId "3805662"]
[WhiteElo "2702"]
[BlackElo "3026"]
[Result "0-1"]
[Round "3"]
[TimeControl "180+2"]
[Date "2023.07.04"]
[WhiteClock "0:00:02"]
[BlackClock "0:00:16"]
[Board "10"]

1. Nf3 c5 2. c4 Nc6 3. Nc3 g6 4. g3 Bg7 5. Bg2 d6 6. O-O e6 7. e3 Nge7 8. d4 O-O 9. b3 cxd4 10. exd4 Nf5 11. Ne2 d5 12. cxd5 exd5 13. Bb2 Qb6 14. Nf4 Be6 15. Qd2 Rad8 16. Rad1 Rfe8 17. Rfe1 a5 18. h4 a4 19. bxa4 Na5 20. Ba1 Nc4 21. Qc1 Rc8 22. Nxe6 fxe6 23. Qb1 Qa6 24. Ng5 Rcd8 25. Qb5 Qd6 26. Qxb7 Re7 27. Qb5 h6 28. Nh3 Kh7 29. Nf4 Nxh4 30. Bh1 Rf8 31. Qc5 Qd7 32. Nxd5 Ref7 33. Qxc4 exd5 34. Qxd5 Qh3 35. Rf1 Rf5 36. Qe4 Rh5 37. Qxh4 Rxh4 38. gxh4 Rf4 39. Bg2 Rg4 40. Rd3 Qxg2# 0-1


[Site "https://www.chess.com"]

[Event "Titled Tuesday Blitz July 4 Early 2023"]
[White "Makarian, Rudik"]
[Black "Koshulyan, Egor A."]
[WhiteFideId "44105681"]
[BlackFideId "24237000"]
[WhiteElo "3003"]
[BlackElo "2701"]
[Result "1-0"]
[Round "3"]
[TimeControl "180+2"]
[Date "2023.07.04"]
[WhiteClock "0:00:54"]
[BlackClock "0:01:11"]
[Board "11"]

1. d4 d5 2. c4 e6 3. Nf3 Nf6 4. g3 dxc4 5. Bg2 a6 6. O-O Nc6 7. e3 Rb8 8. Nfd2 e5 9. Bxc6+ bxc6 10. dxe5 Ng4 11. Nf3 Be6 12. Qxd8+ Rxd8 13. h3 Nh6 14. Kg2 Bd5 15. Nc3 Bb4 16. e4 Be6 17. Bxh6 gxh6 18. Rfd1 O-O 19. Nd4 Bd7 20. Rac1 Rfe8 21. f4 c5 22. Nf5 Bxc3 23. bxc3 Ba4 24. Rd5 Bc6 25. Ne7+ Rxe7 26. Rxd8+ Kg7 27. Kf3 f5 28. exf6+ Kxf6 29. Re1 Kg7 30. g4 h5 31. f5 hxg4+ 32. hxg4 1-0


[Site "https://www.chess.com"]

[Event "Titled Tuesday Blitz July 4 Early 2023"]
[White "Kramnik, Vladimir"]
[Black "Klekowski, Maciej"]
[WhiteFideId "4101588"]
[BlackFideId "1132717"]
[WhiteElo "2995"]
[BlackElo "2699"]
[Result "0-1"]
[Round "3"]
[TimeControl "180+2"]
[Date "2023.07.04"]
[WhiteClock "0:00:00"]
[BlackClock "0:00:03"]
[Board "12"]

1. c4 e5 2. d3 Nc6 3. a3 f5 4. Nc3 Nf6 5. g3 Be7 6. Bg2 O-O 7. e3 Qe8 8. Nge2 d6 9. b4 Kh8 10. b5 Nd8 11. a4 Ne6 12. d4 a6 13. Rb1 axb5 14. axb5 f4 15. exf4 Nxd4 16. Nxd4 exd4 17. Qxd4 Bf5 18. O-O Bxb1 19. Nxb1 d5 20. Nc3 Rd8 21. cxd5 c6 22. Re1 Qf7 23. bxc6 bxc6 24. Qe3 Bb4 25. Rd1 Bxc3 26. Qxc3 Nxd5 27. Qf3 Rfe8 28. Bb2 Qb7 29. Be5 Re7 30. h4 Red7 31. Re1 Qb4 32. Re4 Qb1+ 33. Kh2 c5 34. h5 h6 35. Ra4 Nf6 36. Bxf6 gxf6 37. Ra6 Qd1 38. Rxf6 Qxf3 39. Bxf3 Rd6 40. Rf7 Rc8 41. Bg4 Rcc6 42. Bf3 Rc8 43. Bb7 Rb8 44. Rc7 c4 45. Be4 Rb4 46. Bg6 Kg8 47. f5 Rb2 48. Rxc4 Rxf2+ 49. Kh3 Kg7 50. Kg4 Kf6 51. Rc7 Rd4+ 52. Kh3 Kg5 53. f6 Rdd2 54. Rc5+ Kxf6 55. Kg4 Rd4+ 56. Kh3 Rf3 57. Kg2 Re3 58. Rf5+ Ke6 59. Rf2 Re5 60. Kh3 Rg5 61. Rf3 Rd2 62. Re3+ Kf6 63. Rf3+ Ke6 64. g4 Rd1 65. Bf5+ Ke5 66. Kg3 Re1 67. Ra3 Kd4 68. Ra4+ Ke3 69. Rf4 Rg1+ 70. Kh3 Kxf4 0-1


[Site "https://www.chess.com"]

[Event "Titled Tuesday Blitz July 4 Early 2023"]
[White "Terry, Renato"]
[Black "Goryachkina, Aleksandra"]
[WhiteFideId "3803457"]
[BlackFideId "4147103"]
[WhiteElo "2992"]
[BlackElo "2690"]
[Result "1-0"]
[Round "3"]
[TimeControl "180+2"]
[Date "2023.07.04"]
[WhiteClock "0:00:19"]
[BlackClock "0:00:00"]
[Board "13"]

1. Nf3 d5 2. e3 Nf6 3. b3 Bf5 4. Bb2 e6 5. Be2 h6 6. O-O Nbd7 7. d3 Be7 8. Nbd2 O-O 9. Re1 Bh7 10. Bf1 c6 11. h3 a5 12. a3 b5 13. a4 bxa4 14. Rxa4 Nb6 15. Ra2 a4 16. Qa1 axb3 17. Nxb3 c5 18. Na5 Qc8 19. Rb1 Nbd7 20. Bc3 Bd6 21. Rbb2 Re8 22. Nb7 Rxa2 23. Qxa2 Bf8 24. Ne5 Nxe5 25. Bxe5 Nd7 26. Nd6 Bxd6 27. Bxd6 Qc6 28. Bg3 Ra8 29. Qb3 Bg6 30. Be2 Kh7 31. Kh2 Nf6 32. Be5 Nd7 33. Bg3 Nf6 34. Bf3 Ra1 35. Qc3 Rc1 36. Ra2 Qb6 37. Ra1 Rxa1 38. Qxa1 c4 39. Be2 cxd3 40. cxd3 Qb3 41. Qd4 Qc2 42. Bf1 Qb1 43. Kg1 Nd7 44. f3 Nb6 45. e4 dxe4 46. dxe4 Qb3 47. Kh2 Na4 48. Bf2 Nc3 49. Qd3 Qb1 50. Qc4 Nd1 51. Bd4 Nb2 52. Qb5 1-0


[Site "https://www.chess.com"]

[Event "Titled Tuesday Blitz July 4 Early 2023"]
[White "Bauman_Guy"]
[Black "Oparin, Grigoriy"]
[BlackFideId "24125890"]
[WhiteElo "2689"]
[BlackElo "2982"]
[Result "0-1"]
[Round "3"]
[TimeControl "180+2"]
[Date "2023.07.04"]
[WhiteClock "0:00:32"]
[BlackClock "0:00:53"]
[Board "14"]

1. e4 c6 2. d4 d5 3. e5 c5 4. dxc5 e6 5. Nf3 Bxc5 6. a3 Ne7 7. Bd3 Ng6 8. O-O Nc6 9. b4 Bb6 10. Bb2 Nf4 11. c4 Bc7 12. g3 Ng6 13. cxd5 exd5 14. b5 Na5 15. Nbd2 O-O 16. h4 Bg4 17. Qa4 Qd7 18. Rac1 Bb6 19. Bc3 Nc4 20. Bxc4 dxc4 21. Qxc4 Rac8 22. Qe2 Rfd8 23. Rfd1 Qf5 24. Kg2 Rd3 25. Bb4 Rcd8 26. Bd6 h6 27. Rc4 Nxe5 28. Qxe5 Bxf3+ 29. Nxf3 Qxf3+ 0-1


[Site "https://www.chess.com"]

[Event "Titled Tuesday Blitz July 4 Early 2023"]
[White "Korobov, Anton"]
[Black "Quintiliano Pinto, Renato R."]
[WhiteFideId "14105730"]
[BlackFideId "2117568"]
[WhiteElo "2979"]
[BlackElo "2688"]
[Result "1-0"]
[Round "3"]
[TimeControl "180+2"]
[Date "2023.07.04"]
[WhiteClock "0:01:19"]
[BlackClock "0:00:00"]
[Board "15"]

1. d4 d5 2. c4 c6 3. Nc3 Nf6 4. cxd5 cxd5 5. Bg5 Ne4 6. Nxe4 dxe4 7. a3 Bf5 8. e3 Nd7 9. Ne2 f6 10. Bf4 e5 11. dxe5 Nxe5 12. Qxd8+ Rxd8 13. Bxe5 fxe5 14. Ng3 Bg6 15. Bb5+ Kf7 16. Rc1 Bd6 17. Ke2 Ke7 18. Rhd1 Rc8 19. Bc4 Rc5 20. Bd5 b6 21. Bxe4 Rxc1 22. Rxc1 Kd7 23. Bf5+ Bxf5 24. Nxf5 Bf8 25. Ng3 g6 26. Ne4 Be7 27. g4 h5 28. g5 Rf8 29. h4 Re8 30. f3 Rb8 31. Rc3 a5 32. Kd3 Rd8 33. Nf6+ Ke6+ 34. Ke4 Rd2 35. Rc6+ Kf7 36. Rxb6 Rh2 37. Nd7 Rxh4+ 38. Kd5 Rh3 39. Nxe5+ Kg7 40. Rxg6+ Kf8 41. Ke4 h4 42. f4 Rh2 43. Rh6 Rxb2 44. Ng6+ Kf7 45. Nxe7 Kxe7 46. Rxh4 Rb3 47. f5 Rxa3 48. Rh7+ Kf8 49. f6 Rb3 50. g6 1-0


[Site "https://www.chess.com"]

[Event "Titled Tuesday Blitz July 4 Early 2023"]
[White "Petrosian, Karlen"]
[Black "Indjic, Aleksandar"]
[WhiteFideId "4176146"]
[BlackFideId "911925"]
[WhiteElo "2684"]
[BlackElo "2974"]
[Result "0-1"]
[Round "3"]
[TimeControl "180+2"]
[Date "2023.07.04"]
[WhiteClock "0:00:09"]
[BlackClock "0:00:12"]
[Board "16"]

1. e4 e5 2. Nc3 Nf6 3. Bc4 Nc6 4. d3 Na5 5. Qf3 d6 6. Nge2 Nxc4 7. dxc4 Be6 8. b3 g6 9. Bg5 Be7 10. O-O h6 11. Bxf6 Bxf6 12. Nd5 Bg7 13. Rad1 c6 14. Ndc3 Qe7 15. Rd3 O-O 16. Rfd1 Rad8 17. a4 f5 18. Qe3 b6 19. Qd2 f4 20. Rxd6 Rc8 21. f3 Rfe8 22. Rd3 g5 23. h3 h5 24. Kf2 Bf8 25. Rh1 Qf7 26. g4 Bc5+ 27. Kg2 Kg7 28. Qe1 Rh8 29. Rd1 Rh6 30. Nc1 a5 31. Nd3 Bd6 32. Nxf4 Qxf4 33. Rxd6 Bxg4 34. hxg4 Rxd6 35. Rxh5 Rd2+ 36. Ne2 Qe3 37. Qh1 Qxe2+ 38. Kh3 Rh8 39. Rxh8 Kxh8 40. Kg3+ Kg7 0-1


[Site "https://www.chess.com"]

[Event "Titled Tuesday Blitz July 4 Early 2023"]
[White "Kollars, Dmitrij"]
[Black "Fromm, Marius"]
[WhiteFideId "12909572"]
[BlackFideId "12993190"]
[WhiteElo "2955"]
[BlackElo "2680"]
[Result "1-0"]
[Round "3"]
[TimeControl "180+2"]
[Date "2023.07.04"]
[WhiteClock "0:01:27"]
[BlackClock "0:00:11"]
[Board "17"]

1. Nf3 c5 2. e4 e6 3. Bd3 Nc6 4. O-O Nf6 5. e5 Nd5 6. Be4 d6 7. c4 Ndb4 8. exd6 Bxd6 9. a3 Na6 10. d4 Nxd4 11. Nxd4 cxd4 12. b4 Bxh2+ 13. Kxh2 Qh4+ 14. Kg1 Qxe4 15. Bb2 O-O 16. Re1 Qg6 17. Qxd4 b6 18. Re3 f6 19. Nc3 Bb7 20. Rg3 Qf7 21. Ne4 Rad8 22. Nxf6+ Kh8 23. Nd5 Rd7 24. Rf3 Qg8 25. Rxf8 Qxf8 26. Qg4 Qf5 27. Qxf5 exf5 28. Re1 Bxd5 29. cxd5 Nc7 30. d6 Rxd6 31. Re7 Rc6 32. Be5 1-0


[Site "https://www.chess.com"]

[Event "Titled Tuesday Blitz July 4 Early 2023"]
[White "Chigaev, Maksim"]
[Black "Stoleriu, George"]
[WhiteFideId "4108116"]
[BlackFideId "1227505"]
[WhiteElo "2931"]
[BlackElo "2677"]
[Result "1-0"]
[Round "3"]
[TimeControl "180+2"]
[Date "2023.07.04"]
[WhiteClock "0:00:37"]
[BlackClock "0:00:15"]
[Board "18"]

1. e4 e6 2. d4 d5 3. Nc3 Bb4 4. exd5 exd5 5. Qf3 Nc6 6. Bb5 Ne7 7. Ne2 O-O 8. O-O Be6 9. a3 Bd6 10. Bf4 Ng6 11. Bg3 Bxg3 12. Qxg3 Nce7 13. Qe3 Nf5 14. Qd2 Nd6 15. Bd3 c6 16. Ng3 Qh4 17. Nce2 Rae8 18. Bxg6 fxg6 19. Qb4 Qe7 20. Rae1 Nc4 21. Qc3 Qd6 22. h3 Re7 23. Nc1 Rfe8 24. Nd3 Bc8 25. a4 Rxe1 26. Rxe1 Rxe1+ 27. Qxe1 Qe6 28. Qc3 g5 29. b3 Nd6 30. Qa5 a6 31. Qd8+ Ne8 32. Nc5 Qe1+ 33. Kh2 Kf8 34. Qxc8 Qxf2 35. Qxb7 Qxd4 36. Ne6+ 1-0


[Site "https://www.chess.com"]

[Event "Titled Tuesday Blitz July 4 Early 2023"]
[White "Lenderman, Aleksandr"]
[Black "Radzhabov, Rodion"]
[WhiteFideId "2021285"]
[BlackFideId "884715"]
[WhiteElo "2922"]
[BlackElo "2674"]
[Result "1-0"]
[Round "3"]
[TimeControl "180+2"]
[Date "2023.07.04"]
[WhiteClock "0:00:45"]
[BlackClock "0:00:00"]
[Board "19"]

1. Nf3 d5 2. e3 Nf6 3. c4 e6 4. Nc3 c6 5. b3 Be7 6. Bb2 O-O 7. d4 b6 8. Bd3 Bb7 9. O-O dxc4 10. bxc4 c5 11. Qe2 cxd4 12. exd4 Nc6 13. Rad1 Re8 14. Bb1 Bf8 15. Rfe1 Qc7 16. Ne5 Rad8 17. Nb5 Qb8 18. Qc2 Nb4 19. Qb3 a6 20. Nc3 Qa8 21. f3 Rc8 22. Na4 Qa7 23. a3 b5 24. axb4 bxa4 25. Qxa4 Red8 26. Bc3 h6 27. Qc2 Qa8 28. Ng4 Be7 29. Nxf6+ Bxf6 30. Qh7+ Kf8 31. c5 Bd5 32. Be4 Qc6 33. Bxd5 Rxd5 34. Qd3 Qb5 35. Qxb5 axb5 36. Rd2 Rcd8 37. Red1 Bg5 38. Rd3 e5 39. Kf2 Bf6 40. Ke3 exd4+ 41. Bxd4 Re8+ 42. Kf2 Red8 43. Ke3 Re8+ 44. Kf4 Red8 45. Ke4 Re8+ 46. Kxd5 1-0


[Site "https://www.chess.com"]

[Event "Titled Tuesday Blitz July 4 Early 2023"]
[White "Czopor, Maciej"]
[Black "Sanal, Vahap"]
[WhiteFideId "21805431"]
[BlackFideId "6300545"]
[WhiteElo "2673"]
[BlackElo "2919"]
[Result "1-0"]
[Round "3"]
[TimeControl "180+2"]
[Date "2023.07.04"]
[WhiteClock "0:00:02"]
[BlackClock "0:00:00"]
[Board "20"]

1. Nf3 d6 2. e4 Nf6 3. Nc3 e5 4. d4 Nbd7 5. Bc4 Be7 6. O-O O-O 7. Re1 c6 8. Bf1 h6 9. h3 Re8 10. d5 Nb6 11. dxc6 bxc6 12. a4 a5 13. b3 Qc7 14. Ba3 Bb7 15. Qd2 Rad8 16. Rad1 Bf8 17. Nb1 Nc8 18. c4 d5 19. Bxf8 dxe4 20. Qc3 Rxd1 21. Rxd1 exf3 22. Bc5 Ne4 23. Qe3 Nxc5 24. Qxc5 e4 25. Nc3 Re5 26. Qe3 Ne7 27. c5 Nf5 28. Qf4 e3 29. Qxf3 Rxc5 30. Ne4 Re5 31. Qf4 c5 32. Ng3 exf2+ 33. Qxf2 Nd4 34. Bc4 Bd5 35. Bxd5 Rxd5 36. Re1 Re5 37. Rf1 Rg5 38. Ne4 Rf5 39. Qe3 Rxf1+ 40. Kxf1 Qe5 41. Kf2 Nxb3 42. Qxb3 Qxe4 43. Qb5 Qd4+ 44. Kf3 Qc3+ 45. Ke4 g6 46. Kd5 Qd4+ 47. Kc6 c4 48. Qxa5 c3 49. Kb7 Kg7 50. Qc7 Qb4+ 51. Kc8 Qxa4 52. Qxc3+ Kg8 53. Qf6 1-0


[Site "https://www.chess.com"]

[Event "Titled Tuesday Blitz July 4 Early 2023"]
[White "Svane, Rasmus"]
[Black "Velikanov, Alexander"]
[WhiteFideId "4657101"]
[BlackFideId "2039290"]
[WhiteElo "2919"]
[BlackElo "2671"]
[Result "1-0"]
[Round "3"]
[TimeControl "180+2"]
[Date "2023.07.04"]
[WhiteClock "0:00:09"]
[BlackClock "0:00:03"]
[Board "21"]

1. Nf3 Nf6 2. g3 g6 3. Bg2 Bg7 4. O-O O-O 5. d4 d5 6. c4 c6 7. Qb3 a5 8. Rd1 a4 9. Qb4 Qa5 10. Qxa5 Rxa5 11. Bf4 Nbd7 12. Na3 Ne4 13. Rac1 Re8 14. cxd5 cxd5 15. Bc7 b6 16. Ne5 e6 17. Nxd7 Bxd7 18. Bxb6 Ra6 19. Bc7 Ra7 20. Bf4 Bf8 21. Nc4 a3 22. Nxa3 Bxa3 23. bxa3 Rxa3 24. Bxe4 dxe4 25. Rd2 Rea8 26. Rc7 Bb5 27. Rb2 Be8 28. Be5 R3a6 29. g4 Bc6 30. Rc2 Be8 31. g5 Ra3 32. Kg2 e3 33. f4 R3a4 34. Kf3 Ra3 35. h4 Rd8 36. R7c3 Rda8 37. Kxe3 R3a4 38. Kf2 R4a6 39. Rc7 Ra4 40. Bd6 R4a6 41. Be5 Ra4 42. Rc8 R4a6 43. e3 Ra5 44. Kg3 Kf8 45. Bd6+ Kg7 46. h5 gxh5 47. Rxa8 Rxa8 48. a3 Kg6 49. Kh4 Bb5 50. Rc3 Be2 51. e4 Bg4 52. Rc5 Rxa3 53. f5+ exf5 54. exf5+ Kg7 55. Be5+ Kf8 56. Bg3 Ke7 57. d5 Rd3 58. d6+ Kd7 59. Rc7+ Ke8 60. Re7+ Kf8 61. g6 hxg6 62. fxg6 fxg6 63. Be5 Rh3+ 64. Kg5 Rf3 65. Kxg6 Rf2 66. Bg7+ Kg8 67. Re8+ Rf8 68. Rxf8# 1-0


[Site "https://www.chess.com"]